Capitals vs Devils

Created - 12 février 2020 at 20:09

Goals
1 2 3 T
Capitals 1 0 0 1
Devils 2 3 0 5
Shots
1 2 3 T
Capitals 6 8 11 25
Devils 9 17 10 36

1st period

1. Devils , Anze Kopitar 15 (Jeff Skinner 33) at 5:39
2. Devils , Jeff Skinner 10 (Anze Kopitar 25, Pavel Buchnevich 15) at 7:26 (PP)
3. Capitals , Claude Giroux 12 (Brock Nelson 22, Tomas Tatar 18) at 11:57

Penalties :
Darren Helm (WAS) for Roughing (Double Minor) at 7:09

2nd period

4. Devils , Johnny Gaudreau 26 (Brandon Carlo 11, Patrice Bergeron 23) at 1:36 (PP)
5. Devils , Andrew Mangiapane 1 (Jared Spurgeon 19, Dominik Kahun 17) at 3:05
6. Devils , Anze Kopitar 16 (Jeff Skinner 34, Brandon Carlo 12) at 8:14

Penalties :
Henrik Lundqvist (WAS) for Slashing (Minor) at 0:14 - Damon Severson served the penalty, Oliver Ekman-Larsson (WAS) for Hooking (Minor) at 10:28

3rd period

No Goal

Penalties :
Ian Cole (WAS) for Interference (Minor) at 0:54, Anze Kopitar (NJD) for Tripping (Minor) at 12:15

Goalie Stats

Henrik Lundqvist (WAS), 9 saves from 13 shots - (0,692), L, 18-21-7, 23:05 minutes
Samuel Montembeault (WAS), 22 saves from 23 shots - (0,957), 36:55 minutes
Sergei Bobrovsky (NJD), 24 saves from 25 shots - (0,960), W, 24-13-6, 60:00 minutes

Players Stats for Capitals

Player Name              G  A  P  +/- PIM S  H  SB GA TA FO     MP     PP MP  PK MP  
------------------------------------------------------------------------------------
Anton Stralman           0  0  0   1  0   0  0  0  0  0  0/0    17:03   0:00   4:11 
Ben Chiarot              0  0  0   1  0   0  0  2  0  0  0/0    17:03   0:00   4:11 
Brady Skjei              0  0  0  -1  0   2  1  1  0  0  0/0    19:50   0:40   3:25 
Brock Nelson             0  1  1   0  0   4  1  0  0  0  0/0    18:32   1:01   0:00 
Claude Giroux            1  0  1   0  0   2  1  0  2  0  14/28  19:37   1:01   1:05 
Damon Severson           0  0  0  -2  0   4  2  4  1  1  0/0    24:10   1:19   0:56 
Darren Helm              0  0  0   0  4   2  1  1  2  1  0/0    12:48   0:00   1:28 
Derek Grant              0  0  0  -1  0   0  1  0  0  0  1/1     9:48   0:00   2:15 
Elias Pettersson         0  0  0  -1  0   3  2  1  3  0  1/2    17:07   0:58   2:01 
Ian Cole                 0  0  0  -1  2   0  2  0  0  0  0/0    18:53   0:40   2:29 
Jake Guentzel            0  0  0  -1  0   0  3  1  1  0  2/10   15:04   0:58   0:00 
Joel Eriksson Ek         0  0  0  -1  0   1  0  0  0  0  0/0     7:35   0:00   0:09 
Josh Bailey              0  0  0  -1  0   0  1  0  0  0  1/2    15:04   0:58   0:00 
Oliver Ekman-Larsson     0  0  0  -2  2   0  0  3  0  2  0/0    23:08   1:19   0:00 
Riley Sheahan            0  0  0  -1  0   1  0  0  1  0  3/7    11:43   0:00   4:16 
Tomas Tatar              0  1  1   0  0   5  0  0  0  0  0/0    18:32   1:01   0:00 
Tyler Pitlick            0  0  0   0  0   1  0  0  0  0  0/1    15:11   0:00   3:58 
Valtteri Filppula        0  0  0   0  0   0  0  0  0  0  2/2    11:13   0:00   0:00 

Players Stats for Devils

Player Name              G  A  P  +/- PIM S  H  SB GA TA FO     MP     PP MP  PK MP  
------------------------------------------------------------------------------------
Alex DeBrincat           0  0  0  -1  0   5  0  0  0  0  1/2    20:50   3:23   0:00 
Alex Goligoski           0  0  0  -1  0   1  2  2  0  1  0/0    15:51   3:05   0:38 
Andrew Mangiapane        1  0  1   1  0   1  0  1  0  0  0/0     7:55   0:00   0:14 
Anze Kopitar             2  1  3   2  2   4  1  2  0  0  9/19   18:32   3:53   0:00 
Brandon Carlo            0  2  2   3  0   3  0  0  0  2  0/0    22:24   3:05   0:32 
Cal O'Reilly             0  0  0   1  0   0  1  0  0  0  1/1     8:42   0:00   1:01 
Calvin de Haan           0  0  0   0  0   3  1  3  0  2  0/0    20:44   0:00   1:10 
Dominik Kahun            0  1  1   0  0   2  1  0  0  1  0/0    11:19   0:41   0:00 
Jared Spurgeon           0  1  1   3  0   3  0  3  1  1  0/0    26:02   4:31   0:49 
Jeff Skinner             1  2  3   2  0   4  1  1  0  0  1/1    17:55   3:53   0:00 
Johnny Gaudreau          1  0  1  -1  0   3  1  2  0  0  0/0    20:53   3:26   0:00 
Kyle Turris              0  0  0   0  0   2  0  0  0  0  0/0    11:20   0:00   0:32 
Neal Pionk               0  0  0   0  0   0  0  1  2  1  0/0    20:34   0:00   0:49 
Patrice Bergeron         0  1  1  -1  0   3  4  0  1  0  12/20  20:50   3:23   0:00 
Pavel Buchnevich         0  1  1   2  0   1  2  0  0  0  1/1    18:58   3:49   0:30 
Roope Hintz              0  0  0   1  0   0  1  0  0  1  0/0     8:39   0:00   0:58 
Sam Steel                0  0  0   0  0   1  1  0  0  0  4/9    12:07   0:20   0:43 
Torey Krug               0  0  0  -1  0   0  1  1  0  1  0/0    14:25   4:31   0:00 

3 Stars

1 - Anze Kopitar (NJD)
2 - Jeff Skinner (NJD)
3 - Brandon Carlo (NJD)

Power Play

Capitals - 0 on 1 Attempt(s) - 0,00%
Devils - 2 on 5 Attempt(s) - 40,00%

Penalty Kill

Capitals - 3 on 5 Attempt(s) - 60,00% - Score 0 goal in Penalty Kill
Devils - 1 on 1 Attempt(s) - 100,00% - Score 0 goal in Penalty Kill

Team Stat

Capitals - Hits : 15 - Faceoff Wins : 24 - Blocked Shots : 13 - Penalty Minutes : 10
Devils - Hits : 17 - Faceoff Wins : 29 - Blocked Shots : 16 - Penalty Minutes : 2

Official

Referees : Mark Lemelin and Tim Peel
Linesman : Bryan Pancich and Devin Berg

Game Notes

Samuel Montembeault enters game at 3:05 of 2nd period

Finance

Level 1 -- Attendance: 4999 (83,32%) -- Ticket Income 499 900 $
Level 2 -- Attendance: 4798 (95,96%) -- Ticket Income 287 880 $
Level 3 -- Attendance: 2000 (100,00%) -- Ticket Income 70 000 $
Level 4 -- Attendance: 3968 (99,20%) -- Ticket Income 79 360 $
Luxury Box -- Attendance: 737 (73,70%) -- Ticket Income 147 400 $
Game was played at the Hellgates Center.
Total Attendance: 16502 (91,68%)
Total Ticket Income: 1 084 540 $
Other Income: 531 425 $
Total Income: 1 615 965 $

Capitals

5 vs 5 Forward 
   Center                   Left Wing                Right Wing               Time % Phy DF OF 
 1 Claude Giroux            Brock Nelson             Tomas Tatar              40     1   2  2  
 2 Jake Guentzel            Elias Pettersson         Josh Bailey              30     1   2  2  
 3 Valtteri Filppula        Darren Helm              Tyler Pitlick            20     1   2  2  
 4 Riley Sheahan            Joel Eriksson Ek         Derek Grant              10     1   2  2  

5 vs 5 Defense 
   Defense                  Defense                                           Time % Phy DF OF 
 1 Oliver Ekman-Larsson     Damon Severson                                    40     1   2  2  
 2 Ian Cole                 Brady Skjei                                       30     1   2  2  
 3 Anton Stralman           Ben Chiarot                                       20     1   2  2  
 4 Oliver Ekman-Larsson     Damon Severson                                    10     1   2  2  

PowerPlay Forward 
   Center                   Left Wing                Right Wing               Time % Phy DF OF 
 1 Claude Giroux            Brock Nelson             Tomas Tatar              60     1   2  2  
 2 Jake Guentzel            Elias Pettersson         Josh Bailey              40     1   2  2  

PowerPlay Defense
   Defense                  Defense                                           Time % Phy DF OF 
 1 Oliver Ekman-Larsson     Damon Severson                                    60     1   2  2  
 2 Ian Cole                 Brady Skjei                                       40     1   2  2  

Penalty Kill 4 Players Forward 
   Center                   Wing                     Time % Phy DF OF 
 1 Riley Sheahan            Tyler Pitlick            60     1   2  2  
 2 Derek Grant              Darren Helm              40     1   2  2  

Penalty Kill 4 Players Defense
   Defense                  Defense                  Time % Phy DF OF 
 1 Ben Chiarot              Anton Stralman           60     1   2  2  
 2 Ian Cole                 Brady Skjei              40     1   2  2  

Penalty Kill - 3 Players Forward 
   Forward                                           Time % Phy DF OF 
 1 Riley Sheahan                                     60     1   2  2  
 2 Derek Grant                                       40     1   2  2  

Penalty Kill - 3 Players Defense
   Defense                  Defense                  Time % Phy DF OF 
 1 Ben Chiarot              Damon Severson           60     1   2  2  
 2 Ian Cole                 Anton Stralman           40     1   2  2  

4 vs 4 Forward 
   Center                   Wing                     Time % Phy DF OF 
 1 Claude Giroux            Brock Nelson             60     1   2  2  
 2 Jake Guentzel            Elias Pettersson         40     1   2  2  

4 vs 4 Defense
   Defense                  Defense                  Time % Phy DF OF 
 1 Oliver Ekman-Larsson     Damon Severson           60     1   2  2  
 2 Ian Cole                 Brady Skjei              40     1   2  2  

Last Minutes Offensive
   Center                   Left Wing                Right Wing               Defense                  Defense                  
   Claude Giroux            Brock Nelson             Tomas Tatar              Oliver Ekman-Larsson     Damon Severson           

Last Minutes Defensive
   Center                   Left Wing                Right Wing               Defense                  Defense                  
   Claude Giroux            Brock Nelson             Tomas Tatar              Oliver Ekman-Larsson     Damon Severson           

Goaltenders
Starting : Henrik Lundqvist         
Backup : Samuel Montembeault      

Extra Forwards
Normal : Derek Grant, Valtteri Filppula, Riley Sheahan - PP : Derek Grant, Valtteri Filppula - PK : Riley Sheahan
Extra Defensemen
Normal : Anton Stralman, Ben Chiarot, Ian Cole - PP : Anton Stralman - PK : Ben Chiarot, Ian Cole
Penalty Shots
Claude Giroux, Brock Nelson, Jake Guentzel, Elias Pettersson, Tomas Tatar
Custom OT Lines Forwards
Claude Giroux, Brock Nelson, Jake Guentzel, Elias Pettersson, Tomas Tatar, Josh Bailey, Valtteri Filppula, Riley Sheahan, Darren Helm, Derek Grant
Custom OT Lines Defensemen
Oliver Ekman-Larsson, Damon Severson, Ian Cole, Brady Skjei, Anton Stralman

Scratches
Zach Bogosian (Sports Hernia Injury)

Devils

5 vs 5 Forward 
   Center                   Left Wing                Right Wing               Time % Phy DF OF 
 1 Patrice Bergeron         Johnny Gaudreau          Alex DeBrincat           36     0   1  4  
 2 Anze Kopitar             Pavel Buchnevich         Jeff Skinner             30     0   1  4  
 3 Sam Steel                Dominik Kahun            Kyle Turris              23     0   2  3  
 4 Cal O'Reilly             Roope Hintz              Andrew Mangiapane        11     0   2  3  

5 vs 5 Defense 
   Defense                  Defense                                           Time % Phy DF OF 
 1 Jared Spurgeon           Brandon Carlo                                     37     0   2  3  
 2 Neal Pionk               Calvin de Haan                                    37     0   2  3  
 3 Torey Krug               Alex Goligoski                                    18     1   3  1  
 4 Jared Spurgeon           Alex Goligoski                                    8      1   3  1  

PowerPlay Forward 
   Center                   Left Wing                Right Wing               Time % Phy DF OF 
 1 Patrice Bergeron         Alex DeBrincat           Johnny Gaudreau          50     0   0  5  
 2 Anze Kopitar             Jeff Skinner             Pavel Buchnevich         50     0   0  5  

PowerPlay Defense
   Defense                  Defense                                           Time % Phy DF OF 
 1 Torey Krug               Jared Spurgeon                                    67     0   0  5  
 2 Alex Goligoski           Brandon Carlo                                     33     0   0  5  

Penalty Kill 4 Players Forward 
   Center                   Wing                     Time % Phy DF OF 
 1 Cal O'Reilly             Roope Hintz              60     1   4  0  
 2 Sam Steel                Andrew Mangiapane        40     1   4  0  

Penalty Kill 4 Players Defense
   Defense                  Defense                  Time % Phy DF OF 
 1 Brandon Carlo            Calvin de Haan           55     1   4  0  
 2 Jared Spurgeon           Neal Pionk               45     1   4  0  

Penalty Kill - 3 Players Forward 
   Forward                                           Time % Phy DF OF 
 1 Cal O'Reilly                                      60     0   5  0  
 2 Patrice Bergeron                                  40     0   5  0  

Penalty Kill - 3 Players Defense
   Defense                  Defense                  Time % Phy DF OF 
 1 Calvin de Haan           Neal Pionk               59     1   4  0  
 2 Jared Spurgeon           Brandon Carlo            41     1   4  0  

4 vs 4 Forward 
   Center                   Wing                     Time % Phy DF OF 
 1 Patrice Bergeron         Johnny Gaudreau          50     0   1  4  
 2 Anze Kopitar             Alex DeBrincat           50     0   1  4  

4 vs 4 Defense
   Defense                  Defense                  Time % Phy DF OF 
 1 Torey Krug               Brandon Carlo            52     1   2  2  
 2 Jared Spurgeon           Alex Goligoski           48     1   2  2  

Last Minutes Offensive
   Center                   Left Wing                Right Wing               Defense                  Defense                  
   Patrice Bergeron         Pavel Buchnevich         Johnny Gaudreau          Torey Krug               Jared Spurgeon           

Last Minutes Defensive
   Center                   Left Wing                Right Wing               Defense                  Defense                  
   Anze Kopitar             Pavel Buchnevich         Cal O'Reilly             Neal Pionk               Brandon Carlo            

Goaltenders
Starting : Sergei Bobrovsky         
Backup : Jimmy Howard             

Extra Forwards
Normal : Anze Kopitar, Patrice Bergeron, Kyle Turris - PP : Anze Kopitar, Patrice Bergeron - PK : Kyle Turris
Extra Defensemen
Normal : Alex Goligoski, Brandon Carlo, Jared Spurgeon - PP : Jared Spurgeon - PK : Brandon Carlo, Jared Spurgeon
Penalty Shots
Alex Goligoski, Anze Kopitar, Calvin de Haan, Kyle Turris, Patrice Bergeron
Custom OT Lines Forwards
Roope Hintz, Pavel Buchnevich, Jeff Skinner, Sam Steel, Alex DeBrincat, Anze Kopitar, Patrice Bergeron, Cal O'Reilly, Kyle Turris, Johnny Gaudreau
Custom OT Lines Defensemen
Torey Krug, Brandon Carlo, Jared Spurgeon, Alex Goligoski, Neal Pionk

Scratches
Michael Del Zotto (Healthy)

% Time on Ice - Capitals

Lines # - Real PCT - Wanted PCT - Time Play
Normal Forward
1 - 35% - 40% - 17:33
2 - 28% - 30% - 14:14
3 - 22% - 20% - 11:13
4 - 15% - 10% - 7:25
Normal Defense
1 - 38% - 40% - 19:19
2 - 31% - 30% - 15:45
3 - 26% - 20% - 12:52
4 - 5% - 10% - 2:29
PP Forward
1 - 51% - 60% - 1:01
2 - 49% - 40% - 0:58
PP Defense
1 - 66% - 60% - 1:19
2 - 34% - 40% - 0:40
PK Forward
1 - 70% - 60% - 5:21
2 - 30% - 40% - 2:15
PK Defense
1 - 55% - 60% - 4:11
2 - 45% - 40% - 3:25
PK3 Forward
1 - 0% - 60%
2 - 0% - 40%
PK3 Defense
1 - 0% - 60%
2 - 0% - 40%
44 Forward
1 - 0% - 60%
2 - 0% - 40%
44 Defense
1 - 0% - 60%
2 - 0% - 40%
Last Minute Offensive  - 0:00
Last Minute Defensive  - 0:00
Total
Forward - 60:00
Defense - 60:00

% Time on Ice - Devils

Lines # - Real PCT - Wanted PCT - Time Play
Normal Forward
1 - 36% - 36% - 17:54
2 - 28% - 30% - 14:02
3 - 21% - 23% - 10:48
4 - 15% - 11% - 7:41
Normal Defense
1 - 37% - 37% - 18:32
2 - 40% - 37% - 20:07
3 - 19% - 18% - 9:47
4 - 4% - 8% - 1:59
PP Forward
1 - 46% - 50% - 3:30
2 - 54% - 50% - 4:06
PP Defense
1 - 59% - 67% - 4:31
2 - 41% - 33% - 3:05
PK Forward
1 - 88% - 60% - 1:45
2 - 12% - 40% - 0:14
PK Defense
1 - 59% - 55% - 1:10
2 - 41% - 45% - 0:49
PK3 Forward
1 - 0% - 60%
2 - 0% - 40%
PK3 Defense
1 - 0% - 59%
2 - 0% - 41%
44 Forward
1 - 0% - 50%
2 - 0% - 50%
44 Defense
1 - 0% - 52%
2 - 0% - 48%
Last Minute Offensive  - 0:00
Last Minute Defensive  - 0:00
Total
Forward - 60:00
Defense - 60:00

Play-by-Play

1st period


0:01 of 1st period - Claude Giroux wins face-off versus Patrice Bergeron in neutral zone.
0:49 of 1st period - Wrist shot by Andrew Mangiapane.
0:49 of 1st period - Shot Misses the Net.
1:15 of 1st period - Wrist shot by Dominik Kahun.
1:15 of 1st period - Shot Misses the Net.
1:43 of 1st period - Slapshot by Claude Giroux.
1:43 of 1st period - Shot Blocked by Johnny Gaudreau.
2:30 of 1st period - Icing by Roope Hintz.
2:31 of 1st period - Claude Giroux wins face-off versus Sam Steel in Devils zone.
3:01 of 1st period - Neal Pionk is hit by Jake Guentzel and loses puck.
4:10 of 1st period - Snap shot by Sam Steel.
4:10 of 1st period - Stopped by Henrik Lundqvist with a rebound.
4:22 of 1st period - Snap shot by Tyler Pitlick.
4:22 of 1st period - Shot Misses the Net.
4:24 of 1st period - Snap shot by Tyler Pitlick.
4:24 of 1st period - Shot Misses the Net.
4:38 of 1st period - Wrist shot by Tyler Pitlick.
4:38 of 1st period - Shot Misses the Net.
4:40 of 1st period - Slapshot by Ian Cole.
4:40 of 1st period - Deflect By Darren Helm.
4:40 of 1st period - Shot Blocked by Alex Goligoski.
4:40 of 1st period - Puck is out of play.
4:41 of 1st period - Claude Giroux wins face-off versus Anze Kopitar in Devils zone.
5:29 of 1st period - Wrist shot by Derek Grant.
5:29 of 1st period - Shot Hit the Post.
5:31 of 1st period - Snap shot by Riley Sheahan.
5:31 of 1st period - Stopped by Sergei Bobrovsky without a rebound.
5:32 of 1st period - Anze Kopitar wins face-off versus Riley Sheahan in Devils zone.
5:39 of 1st period - Snap shot by Anze Kopitar.
5:39 of 1st period - Goal by Anze Kopitar - Capitals : 0 - Devils : 1.
5:40 of 1st period - Claude Giroux wins face-off versus Alex DeBrincat in neutral zone.
5:43 of 1st period - Slapshot by Brock Nelson.
5:43 of 1st period - Deflect By Tomas Tatar.
5:43 of 1st period - Shot Blocked by Jared Spurgeon.
5:43 of 1st period - Puck is out of play.
5:44 of 1st period - Claude Giroux wins face-off versus Patrice Bergeron in Devils zone.
5:57 of 1st period - Wrist shot by Tomas Tatar.
5:57 of 1st period - Stopped by Sergei Bobrovsky with a rebound.
5:59 of 1st period - Wrist shot by Brock Nelson.
5:59 of 1st period - Stopped by Sergei Bobrovsky without a rebound.
6:00 of 1st period - Jake Guentzel wins face-off versus Anze Kopitar in Devils zone.
6:08 of 1st period - Icing by Damon Severson.
6:09 of 1st period - Josh Bailey wins face-off versus Anze Kopitar in Capitals zone.
6:30 of 1st period - Snap shot by Jake Guentzel.
6:30 of 1st period - Shot Misses the Net.
6:32 of 1st period - Slapshot by Damon Severson.
6:32 of 1st period - Shot Blocked by Jared Spurgeon.
6:34 of 1st period - Backhand shot by Damon Severson.
6:34 of 1st period - Stopped by Sergei Bobrovsky without a rebound.
6:35 of 1st period - Patrice Bergeron wins face-off versus Claude Giroux in Devils zone.
6:35 of 1st period - Patrice Bergeron is hit by Brock Nelson.
6:45 of 1st period - Wrist shot by Patrice Bergeron.
6:45 of 1st period - Shot Blocked by Ben Chiarot.
7:01 of 1st period - Anton Stralman is hit by Sam Steel and loses puck.
7:09 of 1st period - Double Minor Penalty to Darren Helm for Roughing.
7:10 of 1st period - Riley Sheahan wins face-off versus Patrice Bergeron in Capitals zone.
7:22 of 1st period - Wrist shot by Alex DeBrincat.
7:22 of 1st period - Stopped by Henrik Lundqvist without a rebound.
7:23 of 1st period - Pavel Buchnevich wins face-off versus Riley Sheahan in Capitals zone.
7:26 of 1st period - Snap shot by Jeff Skinner.
7:26 of 1st period - Goal by Jeff Skinner - Capitals : 0 - Devils : 2.
7:27 of 1st period - Anze Kopitar wins face-off versus Riley Sheahan in neutral zone.
9:26 of 1st period - Penalty to Darren Helm is over, Darren Helm is back on ice.
9:38 of 1st period - Slapshot by Tomas Tatar.
9:38 of 1st period - Deflect By Brock Nelson.
9:38 of 1st period - Shot Misses the Net.
9:38 of 1st period - Puck is out of play.
9:39 of 1st period - Claude Giroux wins face-off versus Sam Steel in Devils zone.
10:44 of 1st period - Jared Spurgeon is hit by Derek Grant and loses puck.
11:09 of 1st period - Snap shot by Alex DeBrincat.
11:09 of 1st period - Stopped by Henrik Lundqvist without a rebound.
11:10 of 1st period - Patrice Bergeron wins face-off versus Claude Giroux in Capitals zone.
11:21 of 1st period - Snap shot by Patrice Bergeron.
11:21 of 1st period - Shot Misses the Net.
11:53 of 1st period - Slapshot by Brock Nelson.
11:53 of 1st period - Stopped by Sergei Bobrovsky with a rebound.
11:55 of 1st period - Slapshot by Brock Nelson.
11:55 of 1st period - Shot Blocked by Alex Goligoski.
11:57 of 1st period - Snap shot by Claude Giroux.
11:57 of 1st period - Goal by Claude Giroux - Capitals : 1 - Devils : 2.
11:58 of 1st period - Anze Kopitar wins face-off versus Jake Guentzel in neutral zone.
13:08 of 1st period - Icing by Johnny Gaudreau.
13:09 of 1st period - Valtteri Filppula wins face-off versus Patrice Bergeron in Devils zone.
13:47 of 1st period - Brady Skjei is hit by Dominik Kahun and loses puck.
14:19 of 1st period - Brady Skjei is hit by Jeff Skinner and loses puck.
14:42 of 1st period - Jake Guentzel is hit by Alex Goligoski and loses puck.
15:31 of 1st period - Backhand shot by Anze Kopitar.
15:31 of 1st period - Shot Blocked by Damon Severson.
15:33 of 1st period - Snap shot by Pavel Buchnevich.
15:33 of 1st period - Stopped by Henrik Lundqvist with a rebound.
16:21 of 1st period - Wrist shot by Sam Steel.
16:21 of 1st period - Shot Blocked by Jake Guentzel.
16:23 of 1st period - Snap shot by Jared Spurgeon.
16:23 of 1st period - Stopped by Henrik Lundqvist with a rebound.
16:25 of 1st period - Slapshot by Brandon Carlo.
16:25 of 1st period - Stopped by Henrik Lundqvist with a rebound.
17:19 of 1st period - Valtteri Filppula is hit by Patrice Bergeron and loses puck.
18:02 of 1st period - Jared Spurgeon is hit by Damon Severson and loses puck.
18:21 of 1st period - Brandon Carlo is hit by Damon Severson.
18:58 of 1st period - Brock Nelson is hit by Alex Goligoski and loses puck.
19:13 of 1st period - Riley Sheahan is hit by Anze Kopitar and loses puck.
19:18 of 1st period - Snap shot by Pavel Buchnevich.
19:18 of 1st period - Shot Misses the Net.
19:20 of 1st period - Slapshot by Neal Pionk.
19:20 of 1st period - Shot Misses the Net.
19:22 of 1st period - Wrist shot by Jeff Skinner.
19:22 of 1st period - Stopped by Henrik Lundqvist with a rebound.
Goals for this period are 1 for Capitals vs 2 for Devils.
Shots for this period are 6 for Capitals vs 9 for Devils.

2nd period


0:01 of 2nd period - Patrice Bergeron wins face-off versus Claude Giroux in neutral zone.
0:14 of 2nd period - Slapshot by Alex DeBrincat.
0:14 of 2nd period - Stopped by Henrik Lundqvist without a rebound.
0:14 of 2nd period - Minor Penalty to Henrik Lundqvist for Slashing.
0:15 of 2nd period - Anze Kopitar wins face-off versus Riley Sheahan in Capitals zone.
0:28 of 2nd period - Slapshot by Jared Spurgeon.
0:28 of 2nd period - Shot Blocked by Ben Chiarot.
1:14 of 2nd period - Slapshot by Darren Helm.
1:14 of 2nd period - Deflect By Derek Grant.
1:14 of 2nd period - Shot Hit the Post.
1:14 of 2nd period - Puck is out of play.
1:15 of 2nd period - Derek Grant wins face-off versus Anze Kopitar in Devils zone.
1:18 of 2nd period - Wrist shot by Derek Grant.
1:18 of 2nd period - Shot Misses the Net.
1:34 of 2nd period - Wrist shot by Patrice Bergeron.
1:34 of 2nd period - Shot Misses the Net.
1:36 of 2nd period - Slapshot by Brandon Carlo.
1:36 of 2nd period - Deflect By Johnny Gaudreau.
1:36 of 2nd period - Goal by Johnny Gaudreau - Capitals : 1 - Devils : 3.
1:37 of 2nd period - Patrice Bergeron wins face-off versus Claude Giroux in neutral zone.
2:04 of 2nd period - Brandon Carlo is hit by Jake Guentzel and loses puck.
2:11 of 2nd period - Wrist shot by Jeff Skinner.
2:11 of 2nd period - Deflect By Anze Kopitar.
2:11 of 2nd period - Stopped by Henrik Lundqvist without a rebound.
2:12 of 2nd period - Anze Kopitar wins face-off versus Elias Pettersson in Capitals zone.
3:05 of 2nd period - Snap shot by Andrew Mangiapane.
3:05 of 2nd period - Goal by Andrew Mangiapane - Capitals : 1 - Devils : 4.
3:05 of 2nd period - Samuel Montembeault enters game.
3:06 of 2nd period - Patrice Bergeron wins face-off versus Jake Guentzel in neutral zone.
3:06 of 2nd period - Patrice Bergeron is hit by Jake Guentzel.
3:14 of 2nd period - Elias Pettersson is hit by Patrice Bergeron and loses puck.
3:56 of 2nd period - Snap shot by Claude Giroux.
3:56 of 2nd period - Shot Blocked by Neal Pionk.
3:58 of 2nd period - Wrist shot by Valtteri Filppula.
3:58 of 2nd period - Shot Misses the Net.
4:00 of 2nd period - Snap shot by Valtteri Filppula.
4:00 of 2nd period - Shot Misses the Net.
4:02 of 2nd period - Slapshot by Damon Severson.
4:02 of 2nd period - Deflect By Darren Helm.
4:02 of 2nd period - Shot Misses the Net.
4:02 of 2nd period - Puck is out of play.
4:03 of 2nd period - Valtteri Filppula wins face-off versus Patrice Bergeron in Devils zone.
4:10 of 2nd period - Snap shot by Tyler Pitlick.
4:10 of 2nd period - Shot Misses the Net.
4:20 of 2nd period - Snap shot by Patrice Bergeron.
4:20 of 2nd period - Shot Misses the Net.
4:30 of 2nd period - Ian Cole is hit by Pavel Buchnevich and loses puck.
4:48 of 2nd period - Icing by Pavel Buchnevich.
4:49 of 2nd period - Anze Kopitar wins face-off versus Jake Guentzel in Devils zone.
4:58 of 2nd period - Wrist shot by Johnny Gaudreau.
4:58 of 2nd period - Shot Blocked by Oliver Ekman-Larsson.
5:00 of 2nd period - Wrist shot by Patrice Bergeron.
5:00 of 2nd period - Shot Misses the Net.
5:02 of 2nd period - Slapshot by Calvin de Haan.
5:02 of 2nd period - Stopped by Samuel Montembeault without a rebound.
5:03 of 2nd period - Anze Kopitar wins face-off versus Claude Giroux in Capitals zone.
5:08 of 2nd period - Snap shot by Anze Kopitar.
5:08 of 2nd period - Shot Blocked by Damon Severson.
5:10 of 2nd period - Wrist shot by Brandon Carlo.
5:10 of 2nd period - Shot Blocked by Damon Severson.
5:12 of 2nd period - Slapshot by Jared Spurgeon.
5:12 of 2nd period - Shot Blocked by Oliver Ekman-Larsson.
5:14 of 2nd period - Snap shot by Brandon Carlo.
5:14 of 2nd period - Shot Misses the Net.
5:16 of 2nd period - Slapshot by Jared Spurgeon.
5:16 of 2nd period - Stopped by Samuel Montembeault with a rebound.
5:18 of 2nd period - Slapshot by Jared Spurgeon.
5:18 of 2nd period - Stopped by Samuel Montembeault without a rebound.
5:19 of 2nd period - Patrice Bergeron wins face-off versus Jake Guentzel in Capitals zone.
5:45 of 2nd period - Jared Spurgeon is hit by Claude Giroux and loses puck.
5:54 of 2nd period - Slapshot by Brandon Carlo.
5:54 of 2nd period - Stopped by Samuel Montembeault with a rebound.
6:34 of 2nd period - Snap shot by Jake Guentzel.
6:34 of 2nd period - Shot Misses the Net.
6:36 of 2nd period - Snap shot by Ian Cole.
6:36 of 2nd period - Shot Misses the Net.
6:38 of 2nd period - Slapshot by Brady Skjei.
6:38 of 2nd period - Shot Blocked by Calvin de Haan.
6:50 of 2nd period - Wrist shot by Calvin de Haan.
6:50 of 2nd period - Stopped by Samuel Montembeault with a rebound.
7:46 of 2nd period - Snap shot by Josh Bailey.
7:46 of 2nd period - Shot Blocked by Anze Kopitar.
8:12 of 2nd period - Wrist shot by Jeff Skinner.
8:12 of 2nd period - Stopped by Samuel Montembeault with a rebound.
8:14 of 2nd period - Snap shot by Anze Kopitar.
8:14 of 2nd period - Goal by Anze Kopitar - Capitals : 1 - Devils : 5.
8:15 of 2nd period - Alex DeBrincat wins face-off versus Claude Giroux in neutral zone.
8:20 of 2nd period - Snap shot by Patrice Bergeron.
8:20 of 2nd period - Deflect By Alex DeBrincat.
8:20 of 2nd period - Stopped by Samuel Montembeault with a rebound.
8:32 of 2nd period - Slapshot by Johnny Gaudreau.
8:32 of 2nd period - Stopped by Samuel Montembeault without a rebound.
8:33 of 2nd period - Jake Guentzel wins face-off versus Sam Steel in Capitals zone.
8:46 of 2nd period - Snap shot by Kyle Turris.
8:46 of 2nd period - Stopped by Samuel Montembeault without a rebound.
8:47 of 2nd period - Patrice Bergeron wins face-off versus Claude Giroux in Capitals zone.
9:13 of 2nd period - Snap shot by Darren Helm.
9:13 of 2nd period - Stopped by Sergei Bobrovsky with a rebound.
10:03 of 2nd period - Backhand shot by Johnny Gaudreau.
10:03 of 2nd period - Stopped by Samuel Montembeault with a rebound.
10:05 of 2nd period - Slapshot by Alex DeBrincat.
10:05 of 2nd period - Stopped by Samuel Montembeault with a rebound.
10:07 of 2nd period - Snap shot by Patrice Bergeron.
10:07 of 2nd period - Shot Blocked by Darren Helm.
10:09 of 2nd period - Slapshot by Alex Goligoski.
10:09 of 2nd period - Deflect By Patrice Bergeron.
10:09 of 2nd period - Stopped by Samuel Montembeault with a rebound.
10:11 of 2nd period - Wrist shot by Patrice Bergeron.
10:11 of 2nd period - Shot Misses the Net.
10:13 of 2nd period - Wrist shot by Alex Goligoski.
10:13 of 2nd period - Deflect By Patrice Bergeron.
10:13 of 2nd period - Shot Misses the Net.
10:13 of 2nd period - Puck is out of play.
10:14 of 2nd period - Sam Steel wins face-off versus Claude Giroux in Capitals zone.
10:28 of 2nd period - Minor Penalty to Oliver Ekman-Larsson for Hooking.
10:29 of 2nd period - Riley Sheahan wins face-off versus Anze Kopitar in Capitals zone.
12:01 of 2nd period - Alex DeBrincat is hit by Ian Cole and loses puck.
12:28 of 2nd period - Penalty to Oliver Ekman-Larsson is over, Oliver Ekman-Larsson is back on ice.
12:35 of 2nd period - Tomas Tatar is hit by Roope Hintz and loses puck.
13:25 of 2nd period - Ben Chiarot is hit by Calvin de Haan and loses puck.
14:22 of 2nd period - Wrist shot by Darren Helm.
14:22 of 2nd period - Stopped by Sergei Bobrovsky with a rebound.
14:56 of 2nd period - Sam Steel is hit by Ian Cole and loses puck.
15:09 of 2nd period - Brock Nelson is hit by Torey Krug and loses puck.
15:58 of 2nd period - Snap shot by Tomas Tatar.
15:58 of 2nd period - Stopped by Sergei Bobrovsky without a rebound.
15:59 of 2nd period - Claude Giroux wins face-off versus Patrice Bergeron in Devils zone.
16:02 of 2nd period - Slapshot by Brock Nelson.
16:02 of 2nd period - Shot Blocked by Johnny Gaudreau.
16:10 of 2nd period - Brock Nelson is hit by Patrice Bergeron and loses puck.
16:22 of 2nd period - Icing by Claude Giroux.
16:23 of 2nd period - Claude Giroux wins face-off versus Sam Steel in Capitals zone.
16:34 of 2nd period - Wrist shot by Josh Bailey.
16:34 of 2nd period - Shot Misses the Net.
16:53 of 2nd period - Backhand shot by Damon Severson.
16:53 of 2nd period - Shot Blocked by Calvin de Haan.
16:55 of 2nd period - Wrist shot by Tyler Pitlick.
16:55 of 2nd period - Stopped by Sergei Bobrovsky with a rebound.
16:57 of 2nd period - Slapshot by Damon Severson.
16:57 of 2nd period - Stopped by Sergei Bobrovsky with a rebound.
16:59 of 2nd period - Slapshot by Damon Severson.
16:59 of 2nd period - Shot Misses the Net.
17:01 of 2nd period - Wrist shot by Tyler Pitlick.
17:01 of 2nd period - Shot Misses the Net.
18:03 of 2nd period - Backhand shot by Elias Pettersson.
18:03 of 2nd period - Stopped by Sergei Bobrovsky without a rebound.
18:04 of 2nd period - Anze Kopitar wins face-off versus Claude Giroux in Devils zone.
18:09 of 2nd period - Snap shot by Jeff Skinner.
18:09 of 2nd period - Shot Misses the Net.
18:15 of 2nd period - Wrist shot by Brock Nelson.
18:15 of 2nd period - Stopped by Sergei Bobrovsky without a rebound.
18:16 of 2nd period - Anze Kopitar wins face-off versus Claude Giroux in Devils zone.
18:27 of 2nd period - Slapshot by Jeff Skinner.
18:27 of 2nd period - Shot Blocked by Oliver Ekman-Larsson.
18:50 of 2nd period - Off-side.
18:51 of 2nd period - Patrice Bergeron wins face-off versus Jake Guentzel in neutral zone.
18:56 of 2nd period - Snap shot by Alex DeBrincat.
18:56 of 2nd period - Shot Misses the Net.
19:08 of 2nd period - Icing by Calvin de Haan.
19:09 of 2nd period - Claude Giroux wins face-off versus Patrice Bergeron in Devils zone.
19:26 of 2nd period - Wrist shot by Tomas Tatar.
19:26 of 2nd period - Stopped by Sergei Bobrovsky with a rebound.
19:49 of 2nd period - Slapshot by Oliver Ekman-Larsson.
19:49 of 2nd period - Shot Misses the Net.
Goals for this period are 0 for Capitals vs 3 for Devils.
Shots for this period are 8 for Capitals vs 17 for Devils.

3rd period


0:01 of 3rd period - Claude Giroux wins face-off versus Anze Kopitar in neutral zone.
0:15 of 3rd period - Snap shot by Damon Severson.
0:15 of 3rd period - Shot Blocked by Jared Spurgeon.
0:41 of 3rd period - Snap shot by Patrice Bergeron.
0:41 of 3rd period - Stopped by Samuel Montembeault without a rebound.
0:42 of 3rd period - Sam Steel wins face-off versus Jake Guentzel in Capitals zone.
0:45 of 3rd period - Snap shot by Kyle Turris.
0:45 of 3rd period - Stopped by Samuel Montembeault without a rebound.
0:46 of 3rd period - Sam Steel wins face-off versus Jake Guentzel in Capitals zone.
0:54 of 3rd period - Minor Penalty to Ian Cole for Interference.
0:55 of 3rd period - Riley Sheahan wins face-off versus Patrice Bergeron in Capitals zone.
1:32 of 3rd period - Snap shot by Jeff Skinner.
1:32 of 3rd period - Shot Hit the Post.
2:33 of 3rd period - Ben Chiarot is hit by Pavel Buchnevich.
2:54 of 3rd period - Penalty to Ian Cole is over, Ian Cole is back on ice.
3:00 of 3rd period - Snap shot by Brady Skjei.
3:00 of 3rd period - Stopped by Sergei Bobrovsky without a rebound.
3:01 of 3rd period - Sam Steel wins face-off versus Claude Giroux in Devils zone.
3:31 of 3rd period - Snap shot by Elias Pettersson.
3:31 of 3rd period - Shot Misses the Net.
3:57 of 3rd period - Icing by Johnny Gaudreau.
3:58 of 3rd period - Patrice Bergeron wins face-off versus Tyler Pitlick in Devils zone.
4:19 of 3rd period - Slapshot by Patrice Bergeron.
4:19 of 3rd period - Stopped by Samuel Montembeault without a rebound.
4:20 of 3rd period - Claude Giroux wins face-off versus Anze Kopitar in Capitals zone.
4:46 of 3rd period - Patrice Bergeron is hit by Brady Skjei and loses puck.
5:36 of 3rd period - Backhand shot by Joel Eriksson Ek.
5:36 of 3rd period - Shot Blocked by Torey Krug.
5:38 of 3rd period - Wrist shot by Joel Eriksson Ek.
5:38 of 3rd period - Stopped by Sergei Bobrovsky with a rebound.
6:00 of 3rd period - Slapshot by Torey Krug.
6:00 of 3rd period - Shot Misses the Net.
6:22 of 3rd period - Wrist shot by Jeff Skinner.
6:22 of 3rd period - Stopped by Samuel Montembeault with a rebound.
6:24 of 3rd period - Slapshot by Alex Goligoski.
6:24 of 3rd period - Stopped by Samuel Montembeault with a rebound.
6:26 of 3rd period - Slapshot by Alex Goligoski.
6:26 of 3rd period - Shot Misses the Net.
7:42 of 3rd period - Snap shot by Anze Kopitar.
7:42 of 3rd period - Shot Misses the Net.
7:44 of 3rd period - Snap shot by Brandon Carlo.
7:44 of 3rd period - Stopped by Samuel Montembeault without a rebound.
7:45 of 3rd period - Patrice Bergeron wins face-off versus Claude Giroux in Capitals zone.
8:14 of 3rd period - Snap shot by Dominik Kahun.
8:14 of 3rd period - Stopped by Samuel Montembeault with a rebound.
8:16 of 3rd period - Snap shot by Dominik Kahun.
8:16 of 3rd period - Stopped by Samuel Montembeault with a rebound.
8:18 of 3rd period - Slapshot by Alex Goligoski.
8:18 of 3rd period - Shot Blocked by Elias Pettersson.
8:20 of 3rd period - Wrist shot by Kyle Turris.
8:20 of 3rd period - Shot Misses the Net.
8:34 of 3rd period - Calvin de Haan is hit by Darren Helm and loses puck.
8:42 of 3rd period - Ben Chiarot is hit by Cal O'Reilly and loses puck.
9:40 of 3rd period - Snap shot by Elias Pettersson.
9:40 of 3rd period - Stopped by Sergei Bobrovsky without a rebound.
9:41 of 3rd period - Elias Pettersson wins face-off versus Anze Kopitar in Devils zone.
9:48 of 3rd period - Slapshot by Jake Guentzel.
9:48 of 3rd period - Shot Blocked by Anze Kopitar.
9:55 of 3rd period - Icing by Anze Kopitar.
9:56 of 3rd period - Claude Giroux wins face-off versus Anze Kopitar in Devils zone.
10:13 of 3rd period - Snap shot by Anze Kopitar.
10:13 of 3rd period - Shot Blocked by Damon Severson.
10:15 of 3rd period - Snap shot by Calvin de Haan.
10:15 of 3rd period - Deflect By Oliver Ekman-Larsson.
10:15 of 3rd period - Stopped by Samuel Montembeault with a rebound.
10:17 of 3rd period - Wrist shot by Anze Kopitar.
10:17 of 3rd period - Stopped by Samuel Montembeault with a rebound.
10:19 of 3rd period - Snap shot by Neal Pionk.
10:19 of 3rd period - Deflect By Jeff Skinner.
10:19 of 3rd period - Shot Misses the Net.
10:19 of 3rd period - Puck is out of play.
10:20 of 3rd period - Patrice Bergeron wins face-off versus Josh Bailey in Capitals zone.
10:21 of 3rd period - Snap shot by Johnny Gaudreau.
10:21 of 3rd period - Shot Misses the Net.
10:31 of 3rd period - Wrist shot by Jake Guentzel.
10:31 of 3rd period - Deflect By Elias Pettersson.
10:31 of 3rd period - Stopped by Sergei Bobrovsky without a rebound.
10:32 of 3rd period - Claude Giroux wins face-off versus Anze Kopitar in Devils zone.
10:43 of 3rd period - Snap shot by Tomas Tatar.
10:43 of 3rd period - Shot Blocked by Jeff Skinner.
10:45 of 3rd period - Slapshot by Damon Severson.
10:45 of 3rd period - Stopped by Sergei Bobrovsky with a rebound.
10:47 of 3rd period - Snap shot by Brock Nelson.
10:47 of 3rd period - Stopped by Sergei Bobrovsky with a rebound.
10:49 of 3rd period - Wrist shot by Tomas Tatar.
10:49 of 3rd period - Stopped by Sergei Bobrovsky with a rebound.
12:15 of 3rd period - Minor Penalty to Anze Kopitar for Tripping.
12:16 of 3rd period - Cal O'Reilly wins face-off versus Claude Giroux in Devils zone.
12:31 of 3rd period - Slapshot by Damon Severson.
12:31 of 3rd period - Stopped by Sergei Bobrovsky with a rebound.
12:33 of 3rd period - Slapshot by Damon Severson.
12:33 of 3rd period - Shot Blocked by Calvin de Haan.
13:46 of 3rd period - Roope Hintz is hit by Elias Pettersson and loses puck.
14:15 of 3rd period - Penalty to Anze Kopitar is over, Anze Kopitar is back on ice.
15:38 of 3rd period - Icing by Joel Eriksson Ek.
15:39 of 3rd period - Jeff Skinner wins face-off versus Jake Guentzel in Capitals zone.
15:48 of 3rd period - Brandon Carlo is hit by Josh Bailey and loses puck.
15:55 of 3rd period - Anze Kopitar is hit by Elias Pettersson.
16:11 of 3rd period - Ben Chiarot is hit by Johnny Gaudreau and loses puck.
16:54 of 3rd period - Snap shot by Joel Eriksson Ek.
16:54 of 3rd period - Shot Blocked by Andrew Mangiapane.
16:56 of 3rd period - Wrist shot by Brady Skjei.
16:56 of 3rd period - Stopped by Sergei Bobrovsky without a rebound.
16:57 of 3rd period - Patrice Bergeron wins face-off versus Claude Giroux in Devils zone.
17:14 of 3rd period - Backhand shot by Oliver Ekman-Larsson.
17:14 of 3rd period - Deflect By Claude Giroux.
17:14 of 3rd period - Deflect By Alex DeBrincat.
17:14 of 3rd period - Stopped by Sergei Bobrovsky with a rebound.
17:30 of 3rd period - Anton Stralman is hit by Patrice Bergeron and loses puck.
17:57 of 3rd period - Slapshot by Elias Pettersson.
17:57 of 3rd period - Shot Misses the Net.
18:13 of 3rd period - Wrist shot by Dominik Kahun.
18:13 of 3rd period - Shot Misses the Net.
18:15 of 3rd period - Wrist shot by Sam Steel.
18:15 of 3rd period - Shot Misses the Net.
18:17 of 3rd period - Wrist shot by Kyle Turris.
18:17 of 3rd period - Shot Misses the Net.
18:19 of 3rd period - Slapshot by Brandon Carlo.
18:19 of 3rd period - Shot Blocked by Brady Skjei.
19:17 of 3rd period - Snap shot by Sam Steel.
19:17 of 3rd period - Shot Misses the Net.
19:19 of 3rd period - Snap shot by Kyle Turris.
19:19 of 3rd period - Shot Hit the Post.
19:58 of 3rd period - Snap shot by Tomas Tatar.
19:58 of 3rd period - Stopped by Sergei Bobrovsky without a rebound.
19:59 of 3rd period - Claude Giroux wins face-off versus Sam Steel in Devils zone.
Goals for this period are 0 for Capitals vs 0 for Devils.
Shots for this period are 11 for Capitals vs 10 for Devils. Output by the SimonT Hockey Simulator (STHS) for Eric Tremblay - Original Page W3C HTML5 Valid
Hockey Simulator - Hockey Simulation - Hockey Manager